 Dungeon Crawl Stone Soup version 0.30-a0-591-g3c58d2bc28 (webtiles) character file.

Game seed: 1433558139923302116

226 tilp the Shield-Bearer (level 6, -5/52 HPs)
             Began as a Meteoran Fighter on Jan 5, 2023.
             Slain by an iguana (8 damage)
             ... on level 4 of the Dungeon.
             The game lasted 00:03:53 (695 turns).

tilp the Shield-Bearer (Meteoran Fighter)            Turns: 695, Time: 00:03:54

Health: -5/52      AC:  8    Str: 18    XL:     6   Next: 46%
Magic:  7/7        EV: 11    Int:  9    God:
Gold:   53         SH:  5    Dex: 16    Spells: 5/5 levels left

rFire   . . .      SeeInvis .    a - +0 long sword
rCold   . . .      Faith    .    c - +0 buckler
rNeg    . . .      Spirit   .    b - +0 scale mail
rPois   .          Reflect  .    j - +0 helmet
rElec   .          Harm     .    (no cloak)
rCorr   .          Rampage  .    (no gloves)
Will    .....                    (no boots)
Stlth   +                        (no amulet)
HPRegen 0.28/turn                (no ring)
MPRegen 0.10/turn                (no ring)

@: mighty, glowing
A: sense surroundings 1, otherworldly, glowing, explore regen
a: no special abilities


You were on level 4 of the Dungeon.
You visited 1 branch of the dungeon, and saw 5 of its levels.

You collected 77 gold pieces.
You spent 24 gold pieces at shops.

Inventory:

Hand Weapons
 a - a +0 long sword (weapon)
Missiles
 k - 6 poisoned darts (quivered)
 m - a boomerang
Armour
 b - a +0 scale mail (worn)
 c - a +0 buckler (worn)
 j - a +0 helmet (worn)
Jewellery
 o - a ring of protection from fire
Wands
 l - a wand of polymorph (10)
Scrolls
 f - a scroll of blinking {unknown}
 p - a scroll of identify
 q - a scroll of enchant weapon {unknown}
Potions
 e - 2 potions of curing
 g - a potion of mutation
 h - a potion of heal wounds {unknown}
 i - a potion of brilliance {unknown}
 n - a potion of degeneration {unknown}


   Skills:
 - Level 4.0 Fighting
 - Level 4.0 Long Blades
 - Level 4.0 Armour
 * Level 3.9 Dodging
 + Level 1.6 Stealth
 - Level 4.0 Shields


You had 5 spell levels left.
You didn't know any spells.
Your spell library was empty.

Dungeon Overview and Level Annotations

Branches:
Dungeon (5/15) Zot: 2266
 Temple: D:4-7

Altars:

Shops:
D:3 ?

Annotations:
D:2 Terence
D:4 2 transporters


Innate Abilities, Weirdness & Mutations

You passively map a small area around you.
You are easily found by Zot.
You glow in the dark.
You regain HP and MP as you explore.


Message History

You kill the hobgoblin!
A nearby demonic plant withers and dies.
The gnoll hits you with a +0 club.
You slash the gnoll!
The gnoll is almost dead.
The gnoll hits you but does no damage.
You hit the gnoll but do no damage.
The gnoll is almost dead.
The gnoll misses you.
You closely miss the gnoll.
The gnoll is almost dead.
The gnoll hits you but does no damage. The gnoll barely misses you.
You slash the gnoll!
You kill the gnoll!
You slice the ogre!!
The ogre is severely wounded.
The ogre hits you with a +0 giant spiked club!!
Ouch! That really hurt!
* * * LOW HITPOINT WARNING * * *
You hear a shout!
Unknown command.
You barely miss the ogre.
The ogre is severely wounded.
The iguana hisses menacingly.
The ogre barely misses you.
You slice the ogre!!
You kill the ogre!
Training target 4.0 for Fighting reached!
Training target 4.0 for Long Blades reached!
Your Fighting skill increases to level 4!
Your Long Blades skill increases to level 4!
You have reached level 6!
You feel stronger.
You closely miss the hobgoblin. The hobgoblin hits you.
* * * LOW HITPOINT WARNING * * *
Unknown command.
You slash the hobgoblin!
You kill the hobgoblin!
The iguana bites you!
You die...

* * ,, ,,, * , , # , .#. ,
* ,,, #.. , , , #g###* *#.
, ###g.. ... . .. +.#..#
##.P. ,...<.#@#..##O..≈≈ ,
..#..#l#.g....P≈≈
[...............P. ...*
#..§.§♣......l..##
....###..§§...##.##+#...
.........P§♣.....#* .. ..
#.......#)......##.#. . *,
#...#.......####.........#
#...#.......#......###.#..


You could see an iguana.

Vanquished Creatures
  An ogre (D:4)
  Natasha (twice) (D:4)
  A gnoll (D:4)
  2 adders
  3 white imps (D:4)
  An ufetubus (D:4)
  6 orcs (D:4)
  4 endoplasms
  A giant cockroach (D:4)
  2 goblins
  3 hobgoblins
  A kobold (D:3)
  A quokka (D:4)
  2 ball pythons (D:2)
  3 bats
  2 frilled lizards
  A rat (D:2)
36 creatures vanquished.

Vanquished Creatures (others)
  4 demonic plants (D:4)
4 creatures vanquished.

Grand Total: 40 creatures vanquished

Notes
Turn   | Place    | Note
-------+----------+-------------------------------------------
     0 | D:1      | tilp the Meteoran Fighter began the quest for the Orb.
     0 | D:1      | Reached XP level 1. HP: 19/19 MP: 2/2
    30 | D:2      | Noticed Terence
    53 | D:1      | Found a faded altar of an unknown god.
    86 | D:2      | Reached XP level 2. HP: 21/26 MP: 3/3
   131 | D:3      | Found Zuutux's Magic Scroll Shoppe.
   134 | D:3      | Reached skill level 1 in Dodging
   244 | D:3      | Reached XP level 3. HP: 17/31 MP: 4/4
   340 | D:3      | Bought a scroll of identify for 24 gold pieces
   407 | D:5      | Entered Level 5 of the Dungeon
   575 | D:4      | Reached XP level 4. HP: 36/38 MP: 5/5
   589 | D:4      | Found a transporter.
   628 | D:4      | Noticed Natasha
   642 | D:4      | Killed Natasha
   643 | D:4      | Reached XP level 5. HP: 39/46 MP: 6/6
   653 | D:4      | Reached skill level 1 in Stealth
   664 | D:4      | Found a transporter.
   670 | D:4      | Noticed Natasha
   674 | D:4      | Noticed an ogre
   675 | D:4      | Killed Natasha
   691 | D:4      | HP: 2/46 [ogre/+0 giant spiked club (34)]
   693 | D:4      | Killed an ogre
   694 | D:4      | Reached XP level 6. HP: 3/52 MP: 7/7
   695 | D:4      | Slain by an iguana

Illustrated notes

Levels and vault maps discovered:
D:1:      shiori_arrival_maze, layout_basic, chequers_ecumenical_altar_simple,
          minmay_misc_feat_iff, minmay_pentomino_t4
D:2:      layout_rooms, uniq_terence
D:3:      layout_loops_ring, serial_shops, shop
D:4:      minmay_wonky_spiral, layout_basic, gammafunk_ghost_arena,
          serial_demonic, serial_demonic_e, serial_demonic_g, serial_demonic_a,
          serial_demonic_g, minmay_diced_spiral, uniq_natasha
D:5:      layout_basic, old_standard_altar, kennysheep_cross_room,
          kennysheep_big_empty_room, kennysheep_dice

Skill      XL: |  1  2  3  4  5 |
---------------+----------------+-----
Dodging        | 1 2 3 |  3.9
Shields        | 4 |  4.0
Armour         | 4 |  4.0
Long Blades    | 3 4 |  4.0
Stealth        | 1 |  1.6
Fighting       | 4 |  4.0

Action                   |  1- 3 |  4- 6 || total
-------------------------+-------+-------++-------
Melee: Long sword        |    73 |    46 ||   119
  Use: Scroll            |     2 |       ||     2
       Potion            |       |     1 ||     1
Armor: Scale mail        |    48 |    17 ||    65
Dodge: Dodged            |    34 |    11 ||    45
Block: Buckler           |    25 |    11 ||    36

Table legend: (Time is in decaauts)
 A = Elapsed time spent in this place.
 B = Non-inter-level travel time spent in this place.
 C = Inter-level travel time spent in this place.
 D = Time resting spent in this place.
 E = Time spent auto-exploring this place.
 F = Levels seen in this place.
 G = Mean time per level.
                   A        B        C        D        E       F      G
               +--------+--------+--------+--------+--------+-----+--------+
         Total |    731 |    673 |     58 |      0 |      0 |   5 |  146.2 |
       Dungeon |    731 |    673 |     58 |      0 |      0 |   5 |  146.2 |
               +--------+--------+--------+--------+--------+-----+--------+

Top non-repeatable levels by time:
     D:4: 307 daAuts
     D:3: 223 daAuts
     D:1: 71 daAuts
     D:2: 65 daAuts
     D:5: 63 daAuts
